Unix NetHack Version 5.0.0-0 post-release - last build Jun 10 2026 00:39:30 (3ee93aec679c4c4259841fe613dc97188e26a321,branch:main).

Game began 2026-06-11 04:01:02, ended 2026-06-11 04:32:23.

Brudee, chaotic female human Rogue

                    ---------
                    |........  ######                 -------
                    |.......|  ########               +....(-#      -----
                  ##-........% #    ###    -----      |.....|#      |...|
                  # ---------###      #####|..[|      +.....|#######....|
                  #         ##            #|...|      |.....|#######|...|
                 ##          #            #....+    ##-------#     #....|
          #      #          ##             |...|## ###########      |...|
         -|------#          #---------     ---.-##  ##              |...|
         |......|#          #|..[.....########%###:##               -----
         |......|#          #|.....>.|         # #@
         |......-#          #|.......|          ##u#########
         |.^....|           #-.......|             ## -----.---
         |......|            ---------                |.......|
         --------                                     |..<....|
                                                      |....r..|
                                                      ........|
                                                      ---------

Brudee the Cutpurse     St:25 Dx:18 Co:13 In:10 Wi:9 Ch:13  Chaotic S:2253
Dlvl:7  $:641 HP:0(36) Pw:19(19) AC:4  Xp:5/204 T:2757  Burdened

Latest messages:
 You are hit by a cream pie.
 Yecch!  You've been creamed.
 It misses.
 Wait!  There's something there you can't see!
 It hits!
 You hear a chugging sound.
 You hear a chugging sound.
 You kill it!
 Welcome back to experience level 5.
 Wait!  There's something there you can't see!
 You kill it!
 You try to feel what is lying here on the ground.
 There are several objects here.
 It is hit.
 You can see again.
 The Keystone Kop wields a club!
 You kill the Keystone Kop!
 The Kop Sergeant picks up a club.
 You kill the Kop Sergeant!
 A Kop Sergeant suddenly appears close by!
 The Kop Sergeant wields a club!
 The Kop Kaptain swings wildly and misses!
 The barrow wight casts a spell!
 The barrow wight is suddenly moving faster.
 The Kop Sergeant swings his club.
 The Kop Sergeant hits!
 The Kop Kaptain hits!
 You kill the Kop Sergeant!
 The Kop Kaptain picks up a club.
 The Keystone Kop attacks a spot beside you.
 The Kop Kaptain picks up a club.
 The Kop Kaptain wields a club!
 The club welds itself to the Kop Kaptain's hand!
 The Keystone Kop picks up a rubber hose.
 The Kop Kaptain picks up a club.
 What do you want to zap? [oDEGK or ?*] ?
 In what direction? >
 You dig a hole through the ground.
 You fall through...
 You see here an empty unlocked chest.
 You kill the acid blob!
 The lizard bites!
 The gray unicorn butts!
 The gray unicorn misses!
 The gray unicorn butts!
 The gray unicorn kicks!
 The gray unicorn butts!
 The gray unicorn kicks!
 You die...
 Do you want your possessions identified? [ynq] (y) q

Inventory:
 Coins    ('$')
  $ - 641 gold pieces
 Amulets  ('"')
  M - an uncursed amulet of reflection (being worn)
 Weapons  (')')
  P - a +0 sling
  b - a +0 dagger (alternate weapon; not wielded)
  s - 11 +0 daggers (at the ready)
  a - a +0 short sword (weapon in right hand)
 Armor    ('[')
  p - an uncursed +0 orcish helm (being worn)
  v - an uncursed +0 pair of gauntlets of power (being worn)
  u - an uncursed +0 pair of water walking boots
  l - an uncursed +0 alchemy smock with text "Kiss the cook" (being worn)
  c - an uncursed +1 leather armor (being worn)
 Comestibles  ('%')
  C - 2 uncursed cream pies
  # - an uncursed food ration
  h - 3 uncursed food rations
  w - 2 cursed food rations
 Spellbooks  ('+')
  Y - an uncursed spellbook of light
 Rings    ('=')
  W - an uncursed ring of see invisible
 Wands    ('/')
  D - a wand of digging (0:2)
  K - a wand of make invisible (0:7)
  G - a blessed wand of nothing (0:11)
  E - a wand of polymorph (0:6)
  o - a cursed wand of probing (0:5)
 Tools    ('(')
  i - an uncursed bag of holding containing 29 items
  f - an empty uncursed sack
  e - an uncursed lock pick
  O - a magic marker (0:71)
  R - a magic marker (0:52)
  y - a cursed tinning kit (0:66)
 Gems/Stones  ('*')
  Z - an uncursed chrysoberyl stone
  z - a cursed worthless piece of green glass
  I - an uncursed worthless piece of orange glass
  A - a cursed worthless piece of red glass
  B - 2 cursed worthless pieces of violet glass
  F - 2 cursed worthless pieces of yellow glass
  J - a cursed touchstone

Contents of the bag of holding:
  a cursed scroll of create monster
  a cursed scroll of light
  an uncursed scroll of enchant weapon
  a cursed scroll of confuse monster
  an uncursed scroll of genocide
  a cursed scroll of magic mapping
  a blessed scroll of magic mapping
  an uncursed scroll of magic mapping
  an uncursed scroll of remove curse
  2 uncursed scrolls of teleportation
  a blessed scroll of teleportation
  an uncursed potion of restore ability
  an uncursed potion of fruit juice
  an uncursed potion of fruit juice
  an uncursed potion of water
  an uncursed potion of invisibility
  an uncursed potion of sleeping
  a cursed potion of object detection
  an uncursed potion of extra healing
  an uncursed potion of extra healing
  an uncursed potion of see invisible
  a cursed potion of paralysis
  an uncursed potion of levitation
  an uncursed potion of hallucination
  a cursed potion of healing
  5 uncursed potions of healing
  2 uncursed potions of healing
  2 uncursed potions of sickness
  a blessed potion of sickness

Brudee the Rogue's attributes:

Background:
 You were a Cutpurse, a level 5 female human Rogue.
 You were chaotic, on a mission for Kos
 who was opposed by Issek (lawful) and Mog (neutral).
 You were right-handed.
 You were in the Dungeons of Doom, on level 7.
 You entered the dungeon 2757 turns ago.
 It was nighttime.
 You had 204 experience points, 116 more were needed to attain level 6.
 Your score was 2253 before end-of-game adjustments.

Basics:
 You had 0 out of 36 hit points.
 You had all 19 energy points (spell power).
 Your armor class was 4.
 Your wallet contained 641 zorkmids.
 Autopickup was on for '$"?+!=/' plus thrown.

Final Characteristics:
 Your strength was 25 (base:16, innate limit:18/100).
 Your dexterity was 18 (limit:18).
 Your constitution was 13 (limit:18).
 Your intelligence was 10 (limit:18).
 Your wisdom was 9 (limit:18).
 Your charisma was 13 (limit:18).

Final Status:
 You weren't hungry.
 You were burdened; movement was slightly slowed.
 You were wielding a short sword.
 You had basic skill with short sword.

Final Attributes:
 You were piously aligned.
 You were poison resistant.
 You were acid resistant.
 Your items were protected from acid.
 You were stealthy.
 You were warded.
 You had reflection.
 You are dead.

Miscellaneous:
 You encountered 2 bones levels.
 Total elapsed playing time was 31 minutes and 20 seconds.

Major events:
 Turn
    1: Brudee the chaotic female human Rogue entered the dungeon
  572: entered the Gnomish Mines
  763: attained the rank of Cutpurse (level 3)
 2671: stole 2782 zorkmids worth of merchandise from Maganasipi's general store
 2757: killed by a gray unicorn

You didn't know any spells.

Skills:
 Fighting Skills
   bare handed combat [Unskilled]
   two weapon combat  [Unskilled]
   riding             [Unskilled]
 Weapon Skills
   dagger             [Basic]
   knife              [Unskilled]
   short sword        [Basic]
   broadsword         [Unskilled]
   long sword         [Unskilled]
   two-handed sword   [Unskilled]
   saber              [Unskilled]
   club               [Unskilled]
   mace               [Unskilled]
   morning star       [Unskilled]
   flail              [Unskilled]
   hammer             [Unskilled]
   polearms           [Unskilled]
   spear              [Unskilled]
   crossbow           [Unskilled]
   dart               [Unskilled]
   shuriken           [Unskilled]
 Spellcasting Skills
   divination spells  [Unskilled]
   escape spells      [Unskilled]
   matter spells      [Unskilled]

Voluntary challenges:
 Character rerolling was not enabled.
 You never genocided any monsters.
 You never polymorphed an object.
 You never changed form.
 You used no wishes.
Achievements:
 You entered the Gnomish Mines.
 You entered a shop.
 You attained the rank of Cutpurse.

 The Dungeons of Doom: levels 1 to 8
    Level 1:
       A fountain, a sink.
    Level 2:
       A fountain.
       Stairs down to The Gnomish Mines.
    Level 3:
       A general store, some fountains.
    Level 4:
       A general store, some fountains.
    Level 5:
       A fountain.
    Level 6:
       A general store, a grave.
       Final resting place for
          jigsy-Arc-Hum-Fem-Neu, killed by a giant ant.
    Level 7: <- You were here.
       Final resting place for
          you, killed by a gray unicorn.
    Level 8:
       A fountain.
       Final resting place for
          trppr-Arc-Hum-Mal-Law, killed by a soldier ant.
 The Gnomish Mines:
    Level 3:


Vanquished creatures:
  a ghost
  a small mimic
  2 rock piercers
  2 giant ants
  a floating eye
  a dwarf
  4 rothes
  a rabid rat
  2 giant bats
  3 Kop Sergeants
 an iguana
 an acid blob
  a coyote
  a gas spore
  a hobbit
  a manes
  3 hobgoblins
  a giant rat
  a yellow mold
  a green mold
  6 Keystone Kops
  a gnome zombie
  a gecko
  4 jackals
  a fox
  5 kobolds
  5 goblins
  4 grid bugs
  a bat
  2 lichens
  5 newts
65 creatures vanquished.

No species were genocided or became extinct.

Game over:
                       ----------
                      /          \
                     /    REST    \
                    /      IN      \
                   /     PEACE      \
                  /                  \
                  |      Brudee      |
                  |      641 Au      |
                  | killed by a gray |
                  |     unicorn      |
                  |                  |
                  |                  |
                  |       2026       |
                 *|     *  *  *      | *
        _________)/\\_//(\/(/\)/\//\/|_)_______

Goodbye Brudee the Rogue...

You died in The Dungeons of Doom on dungeon level 7 with 2189 points,
and 641 pieces of gold, after 2757 moves.
You were level 5 with a maximum of 36 hit points when you died.

